 Dungeon Crawl Stone Soup version 0.30.1-4-g462c640d31 (webtiles) character file.

Game seed: 13843588044384118383

4 Arctor the Chiller (level 1, 14/14 HPs)
             Began as a Draconian Ice Elementalist on Sept 7, 2023.
             Quit the game on level 1 of the Dungeon.
             The game lasted 00:00:23 (191 turns).

Arctor the Chiller (Draconian Ice Elementalist)      Turns: 191, Time: 00:00:24

Health: 14/14      AC:  4    Str: 10    XL:     1   Next: 50%
Magic:  3/3        EV: 12    Int: 15    God:
Gold:   0          SH:  0    Dex: 11    Spells: 3/4 levels left

rFire   . . .        (no weapon)
rCold   . . .        (no shield)
rNeg    . . .        (body armour unavailable)
rPois   .            (helmet restricted)
rElec   .            (no cloak)
rCorr   .            (no gloves)
SInv    .            (no boots)
Will    .....        (no amulet)
Stlth   ++           (no ring)
HPRegen 0.22/turn    (no ring)
MPRegen 0.08/turn

%: no passive effects
@: no status effects
A: AC +4, unfitting armour, cold-blooded
a: no special abilities


You were on level 1 of the Dungeon.
You visited 1 branch of the dungeon, and saw 1 of its levels.

Inventory:

Missiles
 b - a throwing net
Scrolls
 c - a scroll of enchant armour {unknown}
Potions
 a - a potion of magic


   Skills:
 + Level 1.9 Dodging
 + Level 1.9 Stealth
 + Level 2.0 Spellcasting
 + Level 4.0 Ice Magic


You had 3 spell levels left.
You knew the following spells:

 Your Spells              Type           Power      Damage    Failure   Level
a - Freeze                Ice            52%        1d6       4%          1

Your spell library contained the following spells:

 Spells                   Type           Power      Damage    Failure   Level
 Frozen Ramparts          Ice            26%        1d4       13%         3
 Ozocubu's Armour         Ice            13%        N/A       13%         3
 Summon Ice Beast         Ice/Summ       7%         N/A       67%         4


Dungeon Overview and Level Annotations

Branches:
Dungeon (1/15)

Altars:


Innate Abilities, Weirdness & Mutations

Your plain brown scales are hard. (AC +4)
You cannot fit into any form of body armour.
You are cold-blooded and may be slowed by cold attacks.


Message History

Casting: Freeze (safe; 4% risk of failure)
Confirm with . or Enter, or press ? or * to list all spells.
Aiming: Freeze (safe; 4% risk of failure)
Press: ? - help, Shift-Dir - straight line, f - endoplasm
Aim: an endoplasm You freeze the endoplasm.
The endoplasm is severely wounded.
A ball python comes into view.
The endoplasm hits you.
Casting: Freeze (safe; 4% risk of failure)
Confirm with . or Enter, or press ? or * to list all spells.
Aiming: Freeze (safe; 4% risk of failure)
Press: ? - help, Shift-Dir - straight line, f/p - endoplasm
Aim: an endoplasm (severely wounded)
You freeze the endoplasm!
You kill the endoplasm!
The ball python hisses angrily.
The ball python barely misses you. The ball python misses you. x3
You see here a +0 club.
You hit the ball python.
The ball python is severely wounded.
The ball python misses you. The ball python barely misses you.
You closely miss the ball python.
The ball python is severely wounded.
The ball python closely misses you. The ball python grabs you.
The ball python constricts you.
You closely miss the ball python.
The ball python is severely wounded.
The ball python bites you but does no damage.
The ball python constricts you.
You hit the ball python.
You kill the ball python!
No target in view!
No target in view!
HP restored.
You see here a +0 club.
c - a scroll labelled RASCHILOLUB Search for what [? for help]? dagger You see here a +0 dagger.
Are you sure you want to abandon this character and quit the game? (Confirm with "yes".)

...##......#..######
.......##.........#
..###....#.###...## ..
##.#....####.# .
#.#..#...##.###
#.#..###.##...#
####.##.###...##>#
#...........#)##.#
#.....@..##.†....#
.................#...###
...........#.#######...##
.....#######...# #.#..#
..... ###.# #.##.#
.....## #.### #..#.##
.......## #...####....#
#..########..# ##...#
##.......###.# #...#


There were no monsters in sight!

Vanquished Creatures
  An endoplasm (D:1)
  A kobold (D:1)
  A ball python (D:1)
  A bat (D:1)
4 creatures vanquished.

Notes
Turn   | Place    | Note
-------+----------+-------------------------------------------
     0 | D:1      | Arctor the Draconian Ice Elementalist began the quest for
                  | the Orb.
     0 | D:1      | Reached XP level 1. HP: 14/14 MP: 3/3
   191 | D:1      | Quit the game

Illustrated notes

Levels and vault maps discovered:
D:1:      dpeg_arrival_boxorama, layout_rooms,
          shapermc_ecumenical_altar_notcrosses, chequers_jeans, minivault_23,
          kennysheep_nondescript, minmay_pentomino_s2

Action                     || total
---------------------------++-------
  Melee: Unarmed           ||     5
   Cast: Freeze            ||     4
 Armour: Skin              ||     4
  Dodge: Dodged            ||    11
